 Dungeon Crawl Stone Soup version 0.25-a0-404-gc1b5a34 (webtiles) character file.

Game seed: 12111452320826251082, levelgen mode: deterministic

136889 Firecrotchwizard the Minotaur Blade (level 16, 0/151 HPs)
             Began as a Minotaur Berserker on Jan 11, 2020.
             Was an Elder of Trog.
             Slain by Firecrotchwizard's illusion (illusionary) (13 damage)
             ... woven by Mara
             ... on level 4 of the Shoals on Jan 12, 2020.
             The game lasted 01:08:30 (31008 turns).

Firecrotchwizard the Minotaur Blade (MiBe)         Turns: 31008, Time: 01:08:31

Health: 0/151      AC: 29    Str: 26    XL:     16   Next: 67%
Magic:  15/15      EV: 20    Int: 15    God:    Trog [****..]
Gold:   442        SH:  0    Dex: 12    Spells: 15/15 levels left

rFire    + . .     SeeInvis +   R - +8 triple sword (freeze)
rCold    . . .     Gourm    .   (shield currently unavailable)
rNeg     . . .     Faith    .   W - +5 scale mail of Vibbow {rElec rF+ MR+}
rPois    .         Spirit   .   (helmet restricted)
rElec    +         Reflect  .   Y - +1 cloak of Melancholy {Str+4}
rCorr    .         Harm     .   u - +2 pair of gloves
MR       ++++.                  H - +2 pair of boots {Fly}
Stlth    +.........             l - amulet of regeneration {+regen, !d}
HPRegen  0.75/turn              Z - ring "Hacichijy" {MR++ Str-3 Int+9 SInv Stlth+}
MPRegen  0.14/turn              T - +4 ring of protection

@: berserk cooldown, flying, slowed, studying 3 skills, very slow
A: retaliatory headbutt, horns 2
a: Berserk, Trog's Hand, Brothers in Arms, Renounce Religion, Stop Flying


You were on level 4 of the Shoals.
You worshipped Trog.
Trog was greatly pleased with you.
You were near starving.

You visited 4 branches of the dungeon, and saw 26 of its levels.
You also visited: Sewer, Ossuary and Gauntlet.

You collected 2589 gold pieces.
You spent 2147 gold pieces at shops.

Inventory:

Hand Weapons
 R - a +8 triple sword of freezing (weapon)
   (Trog gifted it to you on level 4 of the Lair of Beasts)
Missiles
 A - 6 throwing nets {=f, !d}
 D - 5 curare-tipped darts
Armour
 u - a +2 pair of gloves (worn)
   (You found it on level 2 of the Dungeon)
 H - a +2 pair of boots of flying (worn)
   (You found it on level 3 of the Shoals)
 W - the +5 scale mail of Vibbow (worn) {rElec rF+ MR+}
   (You found it on level 12 of the Dungeon)

   It protects you from fire.
   It insulates you from electricity.
   It affects your resistance to hostile enchantments.
 Y - the +1 cloak of Melancholy (worn) {Str+4}
   (You found it in a Gauntlet)

   It affects your strength (+4).
Jewellery
 a - an uncursed amulet of the acrobat
   (You found it on level 1 of the Shoals)
 h - an uncursed ring of resist corrosion
   (You found it on level 6 of the Dungeon)
 l - an amulet of regeneration (around neck) {+regen, !d}
   (You found it on level 12 of the Dungeon)
 m - an uncursed ring of poison resistance {rPois, !d}
   (You found it on level 4 of the Shoals)
 J - an uncursed ring of protection from magic {MR+, !d}
   (You found it on level 9 of the Dungeon)
 M - an uncursed ring of stealth {Stlth+}
   (You found it on level 2 of the Lair of Beasts)
 T - a +4 ring of protection (right hand)
   (You found it on level 13 of the Dungeon)
 Z - the ring "Hacichijy" (left hand) {MR++ Str-3 Int+9 SInv Stlth+}
   (You took it off a minotaur in a Gauntlet)

   [ring of see invisible]

   It affects your strength (-3).
   It affects your intelligence (+9).
   It affects your resistance to hostile enchantments.
   It lets you see invisible.
   It makes you more stealthy.
Wands
 b - a wand of polymorph (17)
   (You found it on level 11 of the Dungeon)
 q - a wand of enslavement (9)
   (You found it on level 3 of the Shoals)
 B - a wand of acid (5)
   (You found it on level 8 of the Dungeon)
 N - a wand of iceblast (20)
   (You found it on level 1 of the Lair of Beasts)
 S - a wand of digging (5)
   (You found it on level 5 of the Lair of Beasts)
 U - a wand of disintegration (19)
   (You found it on level 6 of the Lair of Beasts)
Scrolls
 d - 6 scrolls of identify
 g - 7 scrolls of remove curse
 j - a scroll of silence
 k - a scroll of fog
 C - 3 scrolls of blinking {!r}
 G - 11 scrolls of teleportation
 X - 3 scrolls of magic mapping {!r}
Potions
 e - 11 potions of curing
 f - 4 potions of lignification {!q}
 i - 4 potions of degeneration {!q}
 o - 9 potions of flight
 p - 6 potions of brilliance
 r - 6 potions of agility
 s - 5 potions of might
 t - 11 potions of heal wounds
 w - 3 potions of berserk rage {!q}
 x - 5 potions of haste
 z - a potion of resistance
 E - 2 potions of cancellation
 F - 2 potions of invisibility
 Q - 2 potions of magic
Books
 n - a manual of Evocations {!d}
   (You acquired it on level 3 of the Shoals)
 v - a manual of Fighting {!d}
   (You found it on level 4 of the Shoals)
 y - a manual of Armour {!d}
   (You bought it in a shop on level 2 of the Orcish Mines)
Miscellaneous
 P - a box of beasts
Comestibles
 c - 39 rations


   Skills:
 + Level 16.3 Fighting
 * Level 21.3 Long Blades
 + Level 17.0 Armour
 + Level 17.0 Dodging


You had 15 spell levels left.
You didn't know any spells.
Your spell library was empty.

Dungeon Overview and Level Annotations

Branches:
Dungeon (14/15)            Temple (0/1) D:5            Lair (6/6) D:10
 Shoals (4/4) Lair:4        Snake (0/4) Lair:4        Slime (0/5) Lair:5
    Orc (2/2) D:10            Elf (0/3) Orc:2        Vaults (0/5) D:13
  Sewer (visited)         Ossuary (visited)         Gauntlet (visited)

Altars:
Cheibriados
Dithmenos
Fedhas
Gozag
Kikubaaqudgha
Makhleb
Qazlal
Ru
Sif Muna
Trog
Xom
Yredelemnul
The Shining One
Beogh
Jiyva
Lugonu

Shops:
D:9 (   D:12 %   Orc:2 :[*[   Shoals:2 *

Annotations:
D:9 exclusion: door
D:13 1 runed translucent door, Taqoga's ghost, journeyman OpGl
Lair:4 exclusion: oklob plant
Lair:5 3 runed translucent doors, DCrawler215's ghost, journeyman GrWz
Shoals:4 Mara


Innate Abilities, Weirdness & Mutations

You reflexively headbutt those who attack you in melee.
You have a pair of horns on your head.


Message History

Mara gestures.
There is a horrible, sudden wrenching feeling in your soul!
Mara gestures at you. The bolt of fire hits you! You resist.
You barely miss Mara. Mara closely misses you.
The merfolk siren chants a haunting song.
You resist with almost no effort.
Mara blinks!
You take 12 damage, and have 125/151 hp.
You slice Mara!! You freeze Mara! Your headbutt misses Mara.
Mara hits you but does no damage. The merfolk siren barely misses you.
You closely miss Mara. Your headbutt misses Mara. Mara barely misses you.
You furiously retaliate!
You headbutt Mara, but do no damage. You slice Mara!! You freeze Mara.
You kill Mara!
The merfolk siren chants a haunting song.
You resist with almost no effort.
Mara weaves an illusion.
Firecrotchwizard's illusion barely misses you.
You regained 2 hp, and now have 129/151 hp.
You slice Mara like a ripe choko!!! You freeze Mara!
You kill Mara!
You feel the effects of Trog's Hand fading.
The merfolk siren closely misses you. Firecrotchwizard's illusion misses you.
Mara barely misses you. You furiously retaliate!
You headbutt Mara. You closely miss Mara.
The merfolk siren chants a haunting song.
You resist with almost no effort. Firecrotchwizard's illusion hits you!!
Firecrotchwizard's illusion freezes you!
You take 50 damage, and have 80/151 hp.
MASSIVE DAMAGE!!
A red film seems to cover your vision as you go berserk!
You feel yourself moving faster!
You feel mighty!
You are near starving!
Mara blinks!
The merfolk siren closely misses you.
Firecrotchwizard's illusion barely misses you.
You now have 122/226 hp.
You slice Firecrotchwizard's illusion!! You freeze Firecrotchwizard's illusion.
Your headbutt misses Firecrotchwizard's illusion.
Mara points ostentatiously.
You miss Firecrotchwizard's illusion.
Your headbutt misses Firecrotchwizard's illusion.
The merfolk siren hits you from afar with a +0 trident!
Firecrotchwizard's illusion hits you!
Firecrotchwizard's illusion freezes you.
You take 24 damage, and have 99/226 hp.
You slice Firecrotchwizard's illusion!! You freeze Firecrotchwizard's illusion!
Mara blinks!
You hit Firecrotchwizard's illusion but do no damage.
Your headbutt misses Firecrotchwizard's illusion.
The merfolk siren hits you but does no damage.
Firecrotchwizard's illusion hits you!
Firecrotchwizard's illusion freezes you!
You take 23 damage, and have 77/226 hp.
You hit Firecrotchwizard's illusion but do no damage.
Your headbutt misses Firecrotchwizard's illusion.
You slash Mara! You freeze Mara!
Your skin stops crawling.
You feel less resistant to hostile enchantments.
Firecrotchwizard's illusion hits you!!
* * * LOW HITPOINT WARNING * * *
Firecrotchwizard's illusion freezes you.
* * * LOW HITPOINT WARNING * * *
The merfolk siren misses you.
Mara says, "Entranced by some poetic flight, are you?"
Mara blinks!
You take 28 damage, and have 50/226 hp.
You slice Firecrotchwizard's illusion!! You freeze Firecrotchwizard's illusion.
Your headbutt misses Firecrotchwizard's illusion.
The merfolk siren hits you but does no damage.
You completely miss Firecrotchwizard's illusion.
Firecrotchwizard's illusion hits you!
* * * LOW HITPOINT WARNING * * *
Firecrotchwizard's illusion freezes you.
* * * LOW HITPOINT WARNING * * *
You take 13 damage, and have 38/226 hp.
You closely miss Firecrotchwizard's illusion.
Your headbutt misses Firecrotchwizard's illusion.
Mara says, "Thou art lean, ill-favoured, death is in thy neighbourhood!"
The merfolk siren hits you with a +0 trident.
* * * LOW HITPOINT WARNING * * *
You take 4 damage, and have 34/226 hp.
You closely miss Firecrotchwizard's illusion.
Your headbutt misses Firecrotchwizard's illusion.
Firecrotchwizard's illusion hits you but does no damage.
You barely miss Firecrotchwizard's illusion.
The merfolk siren closely misses you.
You miss Firecrotchwizard's illusion. Firecrotchwizard's illusion hits you!
* * * LOW HITPOINT WARNING * * *
Firecrotchwizard's illusion freezes you.
* * * LOW HITPOINT WARNING * * *
You take 16 damage, and have 19/226 hp.
You closely miss Firecrotchwizard's illusion.
The merfolk siren completely misses you.
You furiously retaliate!
You headbutt the merfolk siren!! You slice Firecrotchwizard's illusion!!
You freeze Firecrotchwizard's illusion.
You are no longer berserk.
You are exhausted.
You feel yourself slow down. Firecrotchwizard's illusion hits you!
You die...

≈≈≈≈≈≈≈≈≈≈≈≈≈≈≈≈## #≈≈≈≈≈≈≈≈≈≈
≈≈≈≈≈≈≈≈≈≈≈≈≈≈≈≈≈##+##≈≈≈≈≈≈≈≈≈≈≈
≈≈≈≈≈≈≈≈≈≈≈≈≈≈≈≈≈≈≈≈≈≈≈≈≈≈≈≈≈≈≈≈≈
≈≈≈≈≈≈≈≈≈≈≈≈≈≈≈≈≈≈...≈≈≈
≈≈≈≈≈≈≈≈≈≈≈≈≈≈≈≈≈.....≈≈
≈≈≈≈≈≈≈≈≈≈≈≈≈≈≈........≈
≈≈≈≈≈≈≈≈≈≈≈≈≈..........≈
≈≈≈≈≈≈≈≈≈......m........
≈≈≈≈≈≈≈≈.......@@.......
≈≈≈≈≈≈##'##.............
≈≈≈≈.##≈≈≈##......R.....
.≈≈.P#.....#....$.......
PPP÷P#.))..#............
.≈..P#.))))#............
≈≈.P.##≈≈≈##......$.....
≈≈≈.P.##+##............≈
≈≈P≈...≈≈≈≈≈≈PP≈≈..≈≈≈≈


You could see Mara, a merfolk siren and Firecrotchwizard's illusion.

Vanquished Creatures
  Jorgrun (Orc:1)
  Rupert (D:14)
  Frances (D:14)
  A kraken (Shoals:3)
  Kirke (D:12)
  Ilsuiw (Shoals:3)
  An orc warlord (Orc:2)
  Louise (D:14)
  2 stone giants
  Nessos (Lair:6)
  A minotaur (Gauntlet)
  3 merfolk impalers
  4 merfolk javelineers
  A fire dragon (Lair:6)
  4 hydras
  An alligator snapping turtle (Shoals:4)
  2 merfolk avatars (Shoals:4)
  5 two-headed ogres
  3 merfolk aquamancers
  2 satyrs (Shoals:2)
  A tengu warrior (D:14)
  5 death yaks
  2 centaur warriors
  Urug (D:11)
  4 orc high priests (Orc:2)
  A soul eater (Gauntlet)
  Sonja (Lair:1)
  3 slime creatures (D:14)
  A swamp dragon (Lair:6)
  2 unseen horrors
  16 sea snakes
  A necromancer (D:13)
  14 harpies
  6 orc knights
  3 orc sorcerers (Orc:2)
  An oklob plant (Lair:2)
  3 wolf spiders
  4 ugly things
  8 fauns
  3 manticores
  5 cyclopes
  5 elephants (Lair:2)
  8 black mambas (Lair:6)
  2 water nymphs
  A guardian serpent (Lair:6)
  11 merfolk sirens
  A molten gargoyle (Lair:3)
  A torpor snail (Lair:5)
  A gargoyle (D:12)
  13 spiny frogs
  Maggie (Lair:1)
  A freezing wraith (D:12)
  3 rime drakes (Lair:6)
  6 komodo dragons
  28 merfolk
  8 trolls
  6 wind drakes
  7 hornets
  Grinder (D:6)
  3 snapping turtles
  5 dream sheep
  15 hippogriffs
  11 spriggans (Lair:4)
  Sigmund (D:3)
  8 shadows (Gauntlet)
  A redback (Lair:6)
  4 wraiths
  12 water elementals
  Eustachio (D:5)
  3 basilisks
  2 fire bats (Lair:3)
  15 yaks
  11 wyverns
  2 hogs (D:12)
  A hungry ghost (D:12)
  2 steam dragons (Lair:6)
  3 vampire mosquitoes (D:13)
  4 wargs
  A soldier ant (D:8)
  4 nagas (Lair:4)
  17 water moccasins
  2 acid dragons (Lair:6)
  4 porcupines
  7 sky beasts
  43 orc warriors
  2 swamp drakes (Lair:6)
  4 ice beasts
  3 black bears
  2 eyes of draining (D:12)
  4 phantoms
  A necrophage (D:12)
  6 centaurs
  13 ogres
  2 boggarts (Lair:4)
  20 wolves
  8 crocodiles
  21 bullfrogs
  A big kobold (D:9)
  4 scorpions
  9 killer bees
  12 wights
  5 howler monkeys
  2 bullfrog zombies
  6 crimson imps
  3 centaur zombies
  6 hounds
  7 human zombies
  36 orc priests
  3 jellies
  23 orc wizards
  A bullfrog skeleton (D:6)
  3 centaur skeletons
  A human skeleton (D:9)
  3 iguanas
  3 hell rats (Lair:5)
  11 worker ants
  2 killer bee zombies
  2 big kobold zombies (Ossuary)
  2 hound zombies
  A hound skeleton (D:6)
  3 mummies
  4 worker ant zombies
  9 adders
  6 river rats (Lair:5)
  5 shadow imps
  An ooze (Sewer)
  2 adder zombies (Ossuary)
  An adder skeleton (D:6)
  A worm (D:3)
  5 dart slugs
  3 leopard geckos
  116 orcs
  2 ball pythons
  12 bats
  5 giant cockroaches
  11 goblins
  13 hobgoblins
  17 jackals
  30 kobolds
  5 quokkas
  8 frilled lizards
  3 goblin zombies (Ossuary)
  9 hobgoblin zombies (Ossuary)
  10 kobold zombies (Ossuary)
  A leopard gecko skeleton (D:4)
  3 leopard gecko zombies (D:5)
  8 orc zombies (Ossuary)
  23 rats
  A rat zombie (Ossuary)
  3 plants
  3 tentacles (Shoals:3)
963 creatures vanquished.

Vanquished Creatures (collateral kills)
  A hydra (Lair:5)
  5 fauns (Shoals:1)
  A merfolk (Shoals:1)
  2 dream sheep (Shoals:1)
  A hippogriff (Shoals:1)
  A water moccasin (Lair:5)
  2 wolves (Lair:5)
13 creatures vanquished.

Vanquished Creatures (others)
  11 fungi
  6 plants
  10 tentacles (Shoals:3)
  17 withered plants (Gauntlet)
44 creatures vanquished.

Grand Total: 1020 creatures vanquished

Notes
Turn   | Place    | Note
-------+----------+-------------------------------------------
     0 | D:1      | Firecrotchwizard the Minotaur Berserker began the quest for
                  | the Orb.
     0 | D:1      | Reached XP level 1. HP: 19/19 MP: 0/0
    47 | D:1      | Reached XP level 2. HP: 22/27 MP: 1/1
    55 | D:1      | Reached skill level 4 in Long Blades
   651 | D:1      | Reached skill level 4 in Fighting
   752 | D:2      | Found a faded altar of an unknown god.
   756 | D:2      | Reached XP level 3. HP: 29/33 MP: 2/2
   762 | D:1      | Reached skill level 3 in Armour
  1123 | D:2      | Reached ** piety under Trog
  1409 | D:2      | Reached XP level 4. HP: 40/40 MP: 3/3
  1534 | D:2      | You fall into a shaft and drop 2 floors!
  1663 | D:3      | Found a glowing drain.
  1677 | Sewer    | Entered a sewer
  1699 | Sewer    | Reached skill level 5 in Long Blades
  1713 | Sewer    | Reached skill level 3 in Dodging
  1787 | Sewer    | Reached *** piety under Trog
  1953 | D:3      | Reached XP level 5. HP: 31/47 MP: 4/4
  2089 | D:3      | Noticed a centaur
  2130 | D:3      | Killed a centaur
  2467 | D:2      | Found a shimmering altar of Xom.
  2467 | D:2      | Found a snail-covered altar of Cheibriados.
  2571 | D:3      | Reached skill level 4 in Armour
  2575 | D:3      | Found an opulent altar of Gozag.
  2755 | D:3      | Noticed Sigmund
  2758 | D:3      | Found a blossoming altar of Fedhas.
  2763 | D:3      | Killed Sigmund
  2763 | D:3      | Reached skill level 5 in Fighting
  2763 | D:3      | Reached skill level 6 in Long Blades
  2763 | D:3      | Reached XP level 6. HP: 56/56 MP: 5/5
  3503 | D:5      | Entered Level 5 of the Dungeon
  3662 | D:5      | Noticed a sky beast
  3669 | D:5      | Reached skill level 4 in Dodging
  3682 | D:5      | Killed a sky beast
  3682 | D:5      | Reached XP level 7. HP: 45/61 MP: 4/6
  3823 | D:5      | Found a staircase to the Ecumenical Temple.
  3909 | D:5      | Reached skill level 7 in Long Blades
  3926 | D:5      | Found a sacrificial altar of Ru.
  3950 | D:5      | Reached skill level 5 in Armour
  4022 | D:5      | Noticed Eustachio
  4059 | D:5      | HP: 22/93 [white imp[Eustachio] (2)]
  4064 | D:5      | HP: 11/93 [poisoned by Eustachio]
  4068 | D:5      | HP: 2/62 [poisoned by Eustachio]
  4078 | D:5      | HP: 13/62 [Eustachio/+2 rapier of venom (3)]
  4081 | D:5      | HP: 6/62 [poisoned by Eustachio]
  4082 | D:5      | HP: 2/62 [quokka[Eustachio] (2)]
  4118 | D:5      | Killed Eustachio
  4118 | D:5      | Reached skill level 6 in Fighting
  4120 | D:5      | HP: 15/63 [poisoned by Eustachio]
  4125 | D:5      | HP: 11/63 [poisoned by Eustachio]
  4131 | D:5      | HP: 8/63 [poisoned by Eustachio]
  4138 | D:5      | HP: 7/63 [poisoned by Eustachio]
  4145 | D:5      | HP: 6/63 [poisoned by Eustachio]
  4153 | D:5      | HP: 6/63 [poisoned by Eustachio]
  4470 | D:5      | Reached **** piety under Trog
  4850 | D:6      | Reached skill level 8 in Long Blades
  4850 | D:6      | Reached XP level 8. HP: 49/70 MP: 5/7
  4968 | D:6      | Found an ancient bone altar of Kikubaaqudgha.
  4985 | D:6      | Reached skill level 5 in Dodging
  5070 | D:6      | Noticed Grinder
  5090 | D:6      | Paralysed by Grinder for 2 turns
  5110 | D:6      | Killed Grinder
  5110 | D:6      | Reached skill level 6 in Armour
  5202 | D:6      | Reached skill level 9 in Long Blades
  5205 | D:6      | Found a sand-covered staircase.
  5213 | Ossuary  | Entered an ossuary
  5358 | Ossuary  | Reached skill level 7 in Fighting
  5540 | D:6      | HP: 26/109 [orc warrior/+0 flail (10)]
  5861 | D:6      | Reached ***** piety under Trog
  5861 | D:6      | Received a gift from Trog
  5900 | D:6      | Reached skill level 6 in Dodging
  5900 | D:6      | Reached XP level 9. HP: 79/79 MP: 6/8
  6256 | D:7      | Reached skill level 7 in Armour
  6340 | D:7      | Reached skill level 10 in Long Blades
  6906 | D:8      | Reached skill level 8 in Fighting
  7130 | D:8      | Reached skill level 7 in Dodging
  7204 | D:8      | Reached skill level 11 in Long Blades
  7264 | D:8      | Reached skill level 8 in Armour
  7369 | D:8      | Found a shadowy altar of Dithmenos.
  7444 | D:8      | Noticed a cyclops
  7457 | D:8      | Killed a cyclops
  7457 | D:8      | Reached XP level 10. HP: 87/90 MP: 9/9
  7528 | D:8      | Noticed a two-headed ogre
  7537 | D:8      | Killed a two-headed ogre
  7566 | D:8      | Reached skill level 9 in Fighting
  7814 | D:9      | Found Nulonyol's Weapon Emporium.
  8105 | D:9      | Reached skill level 12 in Long Blades
  8296 | D:9      | Reached skill level 8 in Dodging
  8315 | D:9      | Found a basalt altar of Yredelemnul.
  8350 | D:9      | Reached skill level 9 in Armour
  8425 | D:9      | Received a gift from Trog
  8449 | D:9      | Found a shimmering blue altar of Sif Muna.
  8490 | D:9      | Found a glowing golden altar of the Shining One.
  8523 | D:9      | Noticed a two-headed ogre
  8531 | D:9      | Killed a two-headed ogre
  8660 | D:9      | Found a stormy altar of Qazlal.
  8934 | D:9      | Identified a scroll of acquirement
  8934 | D:9      | Identified the +2 buckler "Juso" {MR+++} (You acquired it
                  | on level 9 of the Dungeon)
  9013 | D:9      | Found a burning altar of Makhleb.
  9044 | D:10     | Entered Level 10 of the Dungeon
  9058 | D:10     | Reached XP level 11. HP: 99/99 MP: 10/10
  9065 | D:10     | Found a staircase to the Orcish Mines.
  9075 | D:10     | Reached skill level 13 in Long Blades
  9087 | D:10     | Reached skill level 10 in Fighting
  9118 | D:10     | Reached skill level 9 in Dodging
  9168 | D:10     | Found a staircase to the Lair.
  9485 | D:10     | Killed an unseen horror
  9635 | D:10     | Noticed a two-headed ogre
  9648 | D:10     | Killed a two-headed ogre
  9648 | D:10     | Reached skill level 10 in Armour
  9654 | D:10     | Received a gift from Trog
  9902 | Lair:1   | Entered Level 1 of the Lair of Beasts
  9927 | Lair:1   | Noticed Maggie
  9948 | Lair:1   | Killed Maggie
  9948 | Lair:1   | Reached skill level 10 in Dodging
 10604 | Lair:1   | Noticed Sonja
 10607 | Lair:1   | Killed Sonja
 10607 | Lair:1   | Reached skill level 14 in Long Blades
 11450 | Lair:2   | HP: 37/151 [elephant (10)]
 11452 | Lair:2   | Reached skill level 11 in Fighting
 11458 | Lair:2   | HP: 25/153 [elephant (11)]
 11465 | Lair:2   | Reached skill level 11 in Dodging
 11465 | Lair:2   | Reached XP level 12. HP: 29/110 MP: 2/11
 11786 | Lair:2   | Noticed a four-headed hydra
 11791 | Lair:2   | Killed a four-headed hydra
 11910 | Lair:2   | Reached skill level 11 in Armour
 12805 | Lair:3   | Reached skill level 15 in Long Blades
 13651 | Lair:4   | Found a staircase to the Snake Pit.
 13914 | Lair:4   | Reached skill level 12 in Dodging
 14212 | Lair:4   | Noticed a death yak
 14217 | Lair:4   | Noticed a death yak
 14221 | Lair:4   | Noticed a death yak
 14222 | Lair:4   | Killed a death yak
 14236 | Lair:4   | Killed a death yak
 14243 | Lair:4   | Killed a death yak
 14243 | Lair:4   | Reached skill level 12 in Fighting
 14431 | Lair:4   | Received a gift from Trog
 14448 | Lair:4   | Reached skill level 16 in Long Blades
 14769 | Lair:4   | Found a staircase to the Shoals.
 15148 | Lair:5   | Noticed a death yak
 15163 | Lair:5   | Killed a death yak
 15163 | Lair:5   | Reached skill level 12 in Armour
 15163 | Lair:5   | Reached XP level 13. HP: 96/118 MP: 12/12
 15214 | Lair:5   | Reached skill level 13 in Dodging
 15232 | Lair:5   | Found a runed translucent gate.
 15232 | Lair:5   | Found a runed translucent gate.
 15233 | Lair:5   | Found a runed translucent gate.
 15240 | Lair:5   | Noticed DCrawler215's ghost (journeyman GrWz)
 15241 | Lair:5   | Noticed a minotaur
 15509 | Lair:5   | Found a viscous altar of Jiyva.
 15509 | Lair:5   | Found a staircase to the Slime Pits.
 16147 | Lair:6   | Entered Level 6 of the Lair of Beasts
 16538 | Lair:6   | Received a gift from Trog
 16611 | Lair:6   | Reached skill level 17 in Long Blades
 16842 | Lair:6   | Noticed a fire dragon
 16853 | Lair:6   | Killed a fire dragon
 16853 | Lair:6   | Reached skill level 14 in Dodging
 16860 | Lair:6   | Reached skill level 13 in Fighting
 16864 | Lair:6   | HP: 24/122 [poison (poison gas)]
 17339 | Lair:6   | Noticed Nessos
 17348 | Lair:6   | Killed Nessos
 17561 | Lair:6   | Reached skill level 13 in Armour
 18262 | Lair:6   | Reached XP level 14. HP: 129/129 MP: 13/13
 18592 | D:11     | Noticed Urug
 18600 | D:11     | Killed Urug
 18765 | D:11     | Received a gift from Trog
 19589 | D:12     | Got a crude scale mail
 19600 | D:12     | Identified the +5 scale mail of Vibbow {rElec rF+ MR+} (You
                  | found it on level 12 of the Dungeon)
 19671 | D:12     | Found a shimmering altar of Xom.
 19676 | D:12     | Found a shimmering altar of Xom.
 19676 | D:12     | Found a shimmering altar of Xom.
 19676 | D:12     | Found a shimmering altar of Xom.
 19676 | D:12     | Noticed Kirke
 19707 | D:12     | Killed Kirke
 19707 | D:12     | Reached skill level 18 in Long Blades
 19718 | D:12     | Found a shimmering altar of Xom.
 19718 | D:12     | Found a shimmering altar of Xom.
 19718 | D:12     | Found a shimmering altar of Xom.
 19765 | D:12     | Reached skill level 15 in Dodging
 20162 | D:12     | Found Plog's Food Shop.
 20479 | D:13     | Found a gate leading to a gauntlet.
 20489 | Gauntlet | Entered a Gauntlet
 20489 | Gauntlet | Found a transporter.
 20489 | Gauntlet | Found a large runed translucent door.
 20489 | Gauntlet | Found a large runed translucent door.
 20489 | Gauntlet | Found a large runed translucent door.
 20489 | Gauntlet | Found a large runed translucent door.
 20489 | Gauntlet | Found a runed translucent door.
 20489 | Gauntlet | Found a runed translucent door.
 20489 | Gauntlet | Found a large runed translucent door.
 20489 | Gauntlet | Found a large runed translucent door.
 20489 | Gauntlet | Found a large runed translucent door.
 20489 | Gauntlet | Found a large runed translucent door.
 20489 | Gauntlet | Found a large runed translucent door.
 20489 | Gauntlet | Found a large runed translucent door.
 20490 | Gauntlet | Found a large runed translucent door.
 20490 | Gauntlet | Found a large runed translucent door.
 20498 | Gauntlet | Found a transporter.
 20513 | Gauntlet | Found a transporter.
 20518 | Gauntlet | Found a transporter.
 20533 | Gauntlet | Found a transporter.
 20552 | Gauntlet | Found a transporter.
 20564 | Gauntlet | Found a transporter.
 20576 | Gauntlet | Found a transporter.
 20588 | Gauntlet | Found a transporter.
 20600 | Gauntlet | Found a transporter.
 20617 | Gauntlet | Found a transporter.
 20634 | Gauntlet | Found a transporter.
 20636 | Gauntlet | Found a transporter.
 20654 | Gauntlet | Found a large runed translucent door.
 20655 | Gauntlet | Found a large runed translucent door.
 20659 | Gauntlet | Found a runed translucent gate.
 20659 | Gauntlet | Found a runed translucent gate.
 20659 | Gauntlet | Found a runed translucent gate.
 20661 | Gauntlet | Found a transporter.
 20663 | Gauntlet | Found a transporter.
 20665 | Gauntlet | Found a transporter.
 20673 | Gauntlet | Found a large runed translucent door.
 20674 | Gauntlet | Found a large runed translucent door.
 20687 | Gauntlet | Found a transporter.
 20780 | Gauntlet | Found a transporter.
 21076 | Gauntlet | Got a pitted cloak
 21088 | Gauntlet | Identified the +1 cloak of Melancholy {Str+4} (You found it
                  | in a Gauntlet)
 21165 | Gauntlet | Identified the ring "Hacichijy" {MR++ Str-3 Int+9 SInv
                  | Stlth+}
 21421 | D:13     | Received a gift from Trog
 21449 | D:13     | Found a gate to the Vaults.
 21481 | D:13     | Identified the Papyrus of Burning Clay
 21637 | D:13     | Found a corrupted altar of Lugonu.
 21780 | D:13     | Found a runed translucent door.
 21780 | D:13     | Noticed Taqoga's ghost (journeyman OpGl)
 21840 | D:14     | Noticed Louise
 21849 | D:14     | Killed Louise
 21849 | D:14     | Reached skill level 14 in Fighting
 22054 | D:14     | Noticed Rupert
 22066 | D:14     | Killed Rupert
 22066 | D:14     | Reached skill level 14 in Armour
 22622 | D:14     | Noticed Frances
 22632 | D:14     | Killed Frances
 22632 | D:14     | Reached skill level 19 in Long Blades
 22753 | D:14     | Found a blossoming altar of Fedhas.
 23164 | Orc:1    | Entered Level 1 of the Orcish Mines
 23251 | Orc:1    | Found a bloodstained altar of Trog.
 23357 | Orc:1    | Noticed a stone giant
 23378 | Orc:1    | Killed a stone giant
 23529 | Orc:1    | Noticed Jorgrun
 23543 | Orc:1    | Killed Jorgrun
 23543 | Orc:1    | Reached XP level 15. HP: 128/139 MP: 14/14
 23714 | Orc:2    | Entered Level 2 of the Orcish Mines
 23762 | Orc:2    | Received a gift from Trog
 24122 | Orc:2    | Found a staircase to the Elven Halls.
 24306 | Orc:2    | Found a roughly hewn altar of Beogh.
 24310 | Orc:2    | Noticed an orc warlord
 24348 | Orc:2    | Killed an orc warlord
 24479 | Orc:2    | Found Naffur's Book Boutique.
 24480 | Orc:2    | Received a gift from Trog
 24484 | Orc:2    | Reached skill level 16 in Dodging
 24531 | Orc:2    | Found Fiys's Armour Shoppe.
 25006 | Orc:2    | Found Epto's Antique Armour Boutique.
 25026 | Orc:2    | Found Yvymov's Assorted Antiques.
 25088 | Orc:2    | Found a roughly hewn altar of Beogh.
 25467 | Orc:2    | Bought a scroll of enchant armour for 240 gold pieces
 25467 | Orc:2    | Bought a scroll of teleportation for 96 gold pieces
 25467 | Orc:2    | Bought a scroll of teleportation for 96 gold pieces
 25526 | Orc:2    | Bought a manual of Armour for 1435 gold pieces
 25866 | Shoals:1 | Entered Level 1 of the Shoals
 25913 | Shoals:1 | Noticed a kraken
 25928 | Shoals:1 | Received a gift from Trog
 26238 | Shoals:1 | Got an encrusted chain mail
 26313 | Shoals:1 | Reached skill level 15 in Fighting
 26316 | Shoals:1 | Reached skill level 15 in Armour
 26323 | Shoals:1 | Reached skill level 20 in Long Blades
 26743 | Shoals:1 | HP: 27/141 [merfolk/+0 trident of freezing (16)]
 27147 | Shoals:2 | Found Rete's Assorted Antiques.
 27180 | Shoals:2 | Bought a wand of acid (7) for 280 gold pieces
 27256 | Shoals:2 | Received a gift from Trog
 27256 | Shoals:2 | HP: 31/141 [faun/+0 quarterstaff[a satyr] (15)]
 27266 | Shoals:2 | HP: 33/141 [merfolk siren/+0 trident (8)]
 27650 | Shoals:2 | Identified the cursed +1 chain mail of Mimia {rElec rC+
                  | Str-2 Int+6} (You found it on level 1 of the Shoals)
 27677 | Shoals:2 | Reached XP level 16. HP: 97/149 MP: 15/15
 28392 | Shoals:3 | Reached skill level 16 in Armour
 28863 | Shoals:3 | Identified the amulet of Obre {Gourm Dex+2} (You acquired
                  | it on level 3 of the Shoals)
 28936 | Shoals:3 | Noticed Ilsuiw
 28955 | Shoals:3 | Killed Ilsuiw
 29168 | Shoals:3 | Noticed a kraken
 29183 | Shoals:3 | Killed a kraken
 29246 | Shoals:3 | Received a gift from Trog
 29757 | Shoals:4 | Entered Level 4 of the Shoals
 29766 | Shoals:4 | Reached skill level 21 in Long Blades
 29917 | Shoals:4 | Noticed Mara
 30144 | Shoals:4 | Reached skill level 16 in Fighting
 30150 | Shoals:4 | HP: 36/151 [poisoned by a sea snake]
 30155 | Shoals:4 | HP: 27/151 [poisoned by a sea snake]
 30160 | Shoals:4 | HP: 23/151 [poisoned by a sea snake]
 30165 | Shoals:4 | HP: 23/151 [poisoned by a sea snake]
 30170 | Shoals:4 | HP: 26/151 [poisoned by a sea snake]
 30175 | Shoals:4 | HP: 29/151 [poisoned by a sea snake]
 30181 | Shoals:4 | HP: 33/151 [poisoned by a sea snake]
 30605 | Shoals:4 | Reached skill level 17 in Dodging
 30741 | Shoals:4 | Reached skill level 17 in Armour
 30754 | Shoals:4 | HP: 37/151 [poisoned by a merfolk]
 30759 | Shoals:4 | HP: 22/151 [poisoned by a merfolk]
 30764 | Shoals:4 | HP: 16/151 [poisoned by a merfolk]
 30769 | Shoals:4 | HP: 15/151 [poisoned by a merfolk]
 30775 | Shoals:4 | HP: 16/151 [poisoned by a merfolk]
 30780 | Shoals:4 | HP: 19/151 [poisoned by a merfolk]
 30787 | Shoals:4 | HP: 22/151 [poisoned by a merfolk]
 30987 | Shoals:4 | Noticed Firecrotchwizard's illusion
 30999 | Shoals:4 | HP: 52/226 [Firecrotchwizard's illusion (illusionary)[Mara]
                  | (26)]
 31006 | Shoals:4 | HP: 25/226 [Firecrotchwizard's illusion (illusionary)[Mara]
                  | (11)]
 31008 | Shoals:4 | Slain by Firecrotchwizard's illusion (illusionary)

Levels and vault maps discovered:
D:1:      zelgadis_glass_arrival_small, layout_loops_cross
D:2:      layout_basic, gammafunk_temple_overflow_pools,
          chequers_ecumenical_altar_simple_redux
D:3:      layout_rooms, overflow_temple_1_default, fedhas_altar_fruit_tree,
          portal_sewer_entry_d, uniq_sigmund
D:4:      layout_gridville, first_ration
D:5:      layout_basic, lemuel_crystal_altar,
          minmay_temple_entry_drinking_statues, uniq_eustachio
D:6:      layout_loops_ring, kiku_gazebo_pond_becter,
          chequers_ossuary_entry_cave, uniq_grinder
D:7:      layout_cave_pods, minmay_bent
D:8:      layout_loops_corners, nicolae_overflow_crystal_walls,
          hangedman_pestilent_swarm, hangedman_abyss_or_decor_lesser_grid
D:9:      layout_basic, led_sif_book, lemuel_mausoleum_altar_yredelemnul,
          grunt_qazlal_clouds, marbit_many_paths, lemuel_coloured_pillars_altar,
          serial_shops, nicolae_shop_stone
D:10:     layout_rooms, lair_entry_dummy, david_orc_3, solitary_fountain
D:11:     layout_roguey, corexii_corridor_pit, minmay_misc_feat_rugged,
          uniq_urug
D:12:     layout_roguey, serial_shops, nicolae_shop_trees, minivault_20,
          xom_redecorated, uniq_kirke
D:13:     layout_loops_ring, david_vaults_1, gauntlet_entry_generic,
          ebering_ghost_inner_flame, tgw_lugonu_bribe
D:14:     layout_basic, kennysheep_boxes, basic_altar, uniq_louise, uniq_rupert,
          uniq_frances
Lair:1:   layout_cave_pods, beast_lair_carwin_7, uniq_sonja, uniq_maggie
Lair:2:   layout_cave_pods, st_stairs_11, minmay_lair_oklob_items
Lair:3:   layout_gridlike, wad_woods_road_01
Lair:4:   kb_forest_paths, layout_gridlike, minmay_shoals_entry_lonely_mermaid,
          minmay_snake_entry_guardpost_small
Lair:5:   layout_roguey, dpeg_slime_entry_enclosed_altar,
          maelrawn_ghost_gauntlet_escape, kennysheep_abandoned_house
Lair:6:   hangedman_lair_tendril_chambers, layout_regular_city,
          guppyfry_lair_end_dragon, uniq_nessos
Shoals:1: layout_shoals
Shoals:2: layout_shoals, serial_shops, shop
Shoals:3: layout_shoals, uniq_ilsuiw
Shoals:4: shoals_end_simple, layout_shoals, uniq_mara, uniq_roxanne
Orc:1:    layout_caves, trog_hazing_becter, uniq_jorgrun
Orc:2:    pubby_orc_utopia

Skill      XL: |  1  2  3  4  5  6  7  8  9 10 11 12 13 14 15 16 |
---------------+-------------------------------------------------+-----
Long Blades    | 4 5 6 8 9 11 12 14 16 17 19 20 21 | 21.3
Fighting       | 4 5 6 7 8 9 11 12 13 14 15 16 | 16.3
Armour         | 3 4 5 6 8 9 10 12 13 14 15 17 | 17.0
Dodging        | 3 4 6 7 8 11 12 14 15 16 17 | 17.0

Action                   |  1- 3 |  4- 6 |  7- 9 | 10-12 | 13-15 | 16-18 || total
-------------------------+-------+-------+-------+-------+-------+-------++-------
Melee: Falchion          |    96 |   171 |   347 |       |       |       ||   614
       Headbutt          |    16 |    34 |   103 |   155 |   265 |    33 ||   606
       Scimitar          |       |       |    70 |   140 |       |       ||   210
       Long sword        |       |       |       |   509 |   150 |       ||   659
       Triple sword      |       |       |       |     1 |   430 |   249 ||   680
       Great sword       |       |       |       |       |   554 |       ||   554
Throw: Throwing net      |       |       |       |     1 |       |       ||     1
Invok: Trog's Hand       |       |     1 |     3 |       |     5 |     1 ||    10
       Berserk           |       |     1 |     2 |     1 |     6 |     4 ||    14
       Brothers in Arms  |       |       |       |       |     4 |       ||     4
Evoke: Wand              |       |       |       |    10 |     8 |    13 ||    31
  Use: Scroll            |       |    11 |     5 |    10 |    18 |     3 ||    47
       Potion            |       |       |     4 |       |     3 |       ||     7
 Stab: Held in net/web   |       |       |       |     1 |       |       ||     1
  Eat: Chunk             |     2 |     8 |    13 |    22 |    44 |    13 ||   102
       Ration            |       |       |     1 |     1 |     2 |       ||     4
Armor: Animal skin       |     6 |       |       |       |       |       ||     6
       Chain mail        |    60 |   122 |   188 |       |       |       ||   370
       Plate armour      |       |       |    77 |   326 |   210 |       ||   613
       Scale mail        |       |       |       |       |   306 |   166 ||   472
Dodge: Dodged            |    63 |   116 |   237 |   277 |   871 |   293 ||  1857
       Rpst.: Falchion   |    18 |    26 |    44 |       |       |       ||    88
       Scimitar          |       |       |    11 |    11 |       |       ||    22
       Long sword        |       |       |       |    62 |    21 |       ||    83
       Great sword       |       |       |       |       |    81 |       ||    81
       Triple sword      |       |       |       |       |    80 |    37 ||   117

Table legend:
 A = Non-vault XP
 B = Vault XP
 C = Vault XP percentage of total XP
 D = Non-vault monster count
 E = Vault monster count
 F = Vault count percentage of total count
                 A         B        C        D         E       F
            +---------+---------+-------+---------+---------+-------
      Total |  115556 |   80001 |  40.9 |     571 |     399 |  41.1
            +---------+---------+-------+---------+---------+-------
        D:1 |      56 |       0 |   0.0 |      24 |       0 |   0.0
        D:2 |      50 |       0 |   0.0 |      24 |       0 |   0.0
        D:3 |     204 |     236 |  53.6 |      38 |       2 |   5.0
        D:4 |      69 |       0 |   0.0 |       4 |       0 |   0.0
        D:5 |     468 |     203 |  30.3 |      15 |       1 |   6.2
        D:6 |    1038 |     267 |  20.5 |      27 |       1 |   3.6
        D:7 |     472 |     319 |  40.3 |      13 |       6 |  31.6
        D:8 |    2401 |     768 |  24.2 |      17 |       4 |  19.0
        D:9 |    2872 |    1030 |  26.4 |      31 |      13 |  29.5
       D:10 |    3965 |     412 |   9.4 |      28 |       8 |  22.2
       D:11 |    1537 |     839 |  35.3 |      15 |       1 |   6.2
       D:12 |    5131 |    3465 |  40.3 |      33 |       5 |  13.2
       D:13 |    4496 |    1268 |  22.0 |      29 |       3 |   9.4
       D:14 |    5653 |    6759 |  54.5 |      15 |       3 |  16.7
     Lair:1 |     801 |    3314 |  80.5 |       7 |      12 |  63.2
     Lair:2 |    3314 |    2308 |  41.1 |      10 |       5 |  33.3
     Lair:3 |    3778 |       0 |   0.0 |      23 |       0 |   0.0
     Lair:4 |    4721 |    4352 |  48.0 |      13 |      22 |  62.9
     Lair:5 |    5500 |    1482 |  21.2 |      18 |      21 |  53.8
     Lair:6 |    5805 |   14791 |  71.8 |      19 |      47 |  71.2
   Shoals:1 |   13296 |       0 |   0.0 |      36 |       0 |   0.0
   Shoals:2 |   19374 |       0 |   0.0 |      34 |       0 |   0.0
   Shoals:3 |   16135 |    4319 |  21.1 |      33 |       5 |  13.2
   Shoals:4 |    9539 |    7855 |  45.2 |      19 |      15 |  44.1
      Orc:1 |    4881 |    3052 |  38.5 |      46 |       7 |  13.2
      Orc:2 |       0 |   18843 | 100.0 |       0 |     142 | 100.0
      Sewer |       0 |      41 | 100.0 |       0 |      24 | 100.0
    Ossuary |       0 |     219 | 100.0 |       0 |      39 | 100.0
   Gauntlet |       0 |    3859 | 100.0 |       0 |      13 | 100.0
            +---------+---------+-------+---------+---------+-------

Levels and vault maps discovered:
D:1:      zelgadis_glass_arrival_small, layout_loops_cross
D:2:      layout_basic, gammafunk_temple_overflow_pools,
          chequers_ecumenical_altar_simple_redux
D:3:      layout_rooms, overflow_temple_1_default, fedhas_altar_fruit_tree,
          portal_sewer_entry_d, uniq_sigmund
D:4:      layout_gridville, first_ration
D:5:      layout_basic, lemuel_crystal_altar,
          minmay_temple_entry_drinking_statues, uniq_eustachio
D:6:      layout_loops_ring, kiku_gazebo_pond_becter,
          chequers_ossuary_entry_cave, uniq_grinder
D:7:      layout_cave_pods, minmay_bent
D:8:      layout_loops_corners, nicolae_overflow_crystal_walls,
          hangedman_pestilent_swarm, hangedman_abyss_or_decor_lesser_grid
D:9:      layout_basic, led_sif_book, lemuel_mausoleum_altar_yredelemnul,
          grunt_qazlal_clouds, marbit_many_paths, lemuel_coloured_pillars_altar,
          serial_shops, nicolae_shop_stone
D:10:     layout_rooms, lair_entry_dummy, david_orc_3, solitary_fountain
D:11:     layout_roguey, corexii_corridor_pit, minmay_misc_feat_rugged,
          uniq_urug
D:12:     layout_roguey, serial_shops, nicolae_shop_trees, minivault_20,
          xom_redecorated, uniq_kirke
D:13:     layout_loops_ring, david_vaults_1, gauntlet_entry_generic,
          ebering_ghost_inner_flame, tgw_lugonu_bribe
D:14:     layout_basic, kennysheep_boxes, basic_altar, uniq_louise, uniq_rupert,
          uniq_frances
Lair:1:   layout_cave_pods, beast_lair_carwin_7, uniq_sonja, uniq_maggie
Lair:2:   layout_cave_pods, st_stairs_11, minmay_lair_oklob_items
Lair:3:   layout_gridlike, wad_woods_road_01
Lair:4:   kb_forest_paths, layout_gridlike, minmay_shoals_entry_lonely_mermaid,
          minmay_snake_entry_guardpost_small
Lair:5:   layout_roguey, dpeg_slime_entry_enclosed_altar,
          maelrawn_ghost_gauntlet_escape, kennysheep_abandoned_house
Lair:6:   hangedman_lair_tendril_chambers, layout_regular_city,
          guppyfry_lair_end_dragon, uniq_nessos
Shoals:1: layout_shoals
Shoals:2: layout_shoals, serial_shops, shop
Shoals:3: layout_shoals, uniq_ilsuiw
Shoals:4: shoals_end_simple, layout_shoals, uniq_mara, uniq_roxanne
Orc:1:    layout_caves, trog_hazing_becter, uniq_jorgrun
Orc:2:    pubby_orc_utopia

Table legend:
 A = Turns spent in this place as a percentage of turns spent in the entire game.
 B = Non-inter-level travel turns spent in this place as a percentage of non-inter-level travel turns spent in the entire game.
 C = Inter-level travel turns spent in this place as a percentage of turns spent in this place.
 D = Turns resting spent in this place as a percentage of non-inter-level travel turns spent in this place.
 E = Turns spent auto-exploring this place as a percentage of non-inter-level travel turns spent in this place.
 F = Non-inter-level travel turns spent in this place divided by the number of levels of this place that you've seen.
                   A       B       C       D       E      F
               +-------+-------+-------+-------+-------+----------------------
         Total | 100.0 | 100.0 |   4.7 |  29.1 |  50.1 | 1018.9
       Dungeon |  42.7 |  42.6 |   4.9 |  23.2 |  58.1 | 899.5
          Lair |  28.2 |  28.2 |   4.6 |  34.7 |  49.5 | 1388.0
        Shoals |  16.6 |  16.8 |   3.7 |  44.4 |  31.0 | 1238.5
  Orcish Mines |   8.3 |   8.0 |   8.2 |  15.2 |  56.2 | 1186.5
         Sewer |   0.8 |   0.8 |   0.0 |   0.0 |  60.2 | 244.0
       Ossuary |   0.8 |   0.8 |   0.0 |   0.0 |  36.2 | 243.0
      Gauntlet |   2.6 |   2.8 |   0.0 |  28.9 |  31.1 | 814.0
               +-------+-------+-------+-------+-------+----------------------

Table legend:
 A = Kills in this place as a percentage of kills in entire the game.
 B = Kills by you in this place as a percentage of kills by you in the entire game.
 C = Kills by friends in this place as a percentage of kills by friends in the entire game.
 D = Other kills in this place as a percentage of other kills in the entire game.
 E = Experience gained in this place as a percentage of experience gained in the entire game.
 F = Experience gained in this place divided by the number of levels of this place that you have seen.
                   A       B       C       D       E      F
               +-------+-------+-------+-------+-------+----------------------
         Total | 100.0 | 100.0 | 100.0 |   N/A | 100.0 | 6743.3
       Dungeon |  37.1 |  37.6 |   0.0 |   N/A |  22.5 | 3141.3
          Lair |  20.3 |  20.2 |  30.8 |   N/A |  25.7 | 8361.0
        Shoals |  14.6 |  13.9 |  69.2 |   N/A |  36.1 | 17629.5
  Orcish Mines |  20.1 |  20.4 |   0.0 |   N/A |  13.7 | 13388.0
         Sewer |   2.5 |   2.5 |   0.0 |   N/A |   0.0 |  41.0
       Ossuary |   4.0 |   4.1 |   0.0 |   N/A |   0.1 | 219.0
      Gauntlet |   1.3 |   1.4 |   0.0 |   N/A |   2.0 | 3859.0
               +-------+-------+-------+-------+-------+----------------------
